 Dungeon Crawl Stone Soup version 0.30-a0-760-g5a9884bb7c (webtiles) character file.

Game seed: 7060562730805604851

465 avis the Shooter (level 7, -5/52 HPs)
             Began as a Barachi Hunter on Feb 11, 2023.
             Killed by nerve-wracking pain
             ... invoked by Grinder
              (8 damage)
             ... on level 3 of the Dungeon.
             The game lasted 00:22:17 (3188 turns).

avis the Shooter (Barachi Hunter)                   Turns: 3188, Time: 00:22:18

Health: -5/52      AC:  4    Str: 12    XL:     7   Next: 8%
Magic:  7/7        EV: 15    Int:  9    God:
Gold:   60         SH:  0    Dex: 18    Spells: 6/6 levels left

rFire   . . .      SeeInvis .    a - +2 club (spect)
rCold   . . .      Faith    .    (no shield)
rNeg    . . .      Spirit   .    c - +0 leather armour
rPois   .          Reflect  .    n - +0 helmet
rElec   .          Harm     .    (no cloak)
rCorr   .          Rampage  .    (no gloves)
Will    .....                    (no boots)
Stlth   ++                       (no amulet)
HPRegen 0.28/turn                (no ring)
MPRegen 0.10/turn                (no ring)

@: slow
A: amphibious, slowness 1, strong legs 1, +LOS
a: Hop


You were on level 3 of the Dungeon.
You visited 1 branch of the dungeon, and saw 3 of its levels.
You also visited: Sewer.

You collected 60 gold pieces.

Inventory:

Hand Weapons
 a - a +2 spectral club (weapon)
 b - a +0 shortbow
 q - a +0 sling
 y - a +0 falchion
Missiles
 l - 2 poisoned darts
 x - a throwing net
Armour
 c - a +0 leather armour (worn)
 n - a +0 helmet (worn)
 o - a +0 buckler
Jewellery
 e - an amulet of guardian spirit
Wands
 w - a wand of flame (20)
Scrolls
 f - a scroll of fear {unknown}
 g - a scroll of immolation
 i - 2 scrolls of vulnerability {unknown}
 k - a scroll of amnesia {unknown}
 m - 4 scrolls of teleportation {unknown}
 t - a scroll of identify {unknown}
 u - 2 scrolls of noise {unknown}
 v - a scroll of poison {unknown}
Potions
 d - 2 potions of mutation {unknown}
 h - a potion of cancellation {unknown}
 j - a potion of ambrosia {unknown}
 p - 2 potions of heal wounds {unknown}
 r - 2 potions of haste {unknown}
 s - a potion of invisibility {unknown}
 z - a potion of might {unknown}
 A - a potion of brilliance {unknown}


   Skills:
 - Level 3.0 Fighting
 - Level 6.0 Ranged Weapons
 - Level 6.0 Dodging
 * Level 1.8 Stealth


You had 6 spell levels left.
You didn't know any spells.
Your spell library contained the following spells:

 Spells                   Type           Power      Damage    Failure   Level
 Sting                    Tmut/Pois      0%         1d3       45%         1
 Poisonous Vapours        Pois/Air       0%         N/A       61%         2
 Olgreb's Toxic Radiance  Pois           0%         N/A       99%         4


Dungeon Overview and Level Annotations

Branches:
Dungeon (3/15)              Sewer (visited)

Altars:
Qazlal

Annotations:
D:3 Grinder


Innate Abilities, Weirdness & Mutations

You are amphibious.
You cover ground slowly.
You can hop short distances.
You have an extended range of vision and can be seen from far away.


Message History

There is a stone staircase leading up here.
You hit Grinder but do no damage.
Your +2 spectral club hits Grinder.
Grinder hits you but does no damage.
You hit Grinder.
Grinder is moderately wounded.
Your +2 spectral club hits Grinder.
Grinder misses you.
You hit Grinder.
Grinder is heavily wounded.
Your +2 spectral club hits Grinder.
Grinder misses you.
You barely miss Grinder.
Grinder is heavily wounded.
Your +2 spectral club hits Grinder.
Grinder gestures at you. You resist with significant effort. Grinder hits you.
You writhe in agony.
You hit Grinder.
Grinder is severely wounded.
Your +2 spectral club closely misses Grinder.
Grinder gestures at you.
You suddenly lose the ability to move!
Grinder gestures at you. Pain shoots through your body!
Grinder grins, showing sharp teeth.
Grinder hits you!
You writhe in agony.
Grinder hits you!
You writhe in agony.
* * * LOW HITPOINT WARNING * * *
Grinder gestures at you.
You shrug off the repeated paralysis!
You can move again.
You hit Grinder but do no damage.
Grinder is severely wounded.
Your +2 spectral club hits Grinder.
Grinder hits you but does no damage.
You hit Grinder.
Grinder is severely wounded.
Your +2 spectral club hits Grinder but does no damage.
Grinder gestures at you. Pain shoots through your body!
* * * LOW HITPOINT WARNING * * *
Grinder gestures at you. Pain shoots through your body!
You die...

# ###### # #### #### .#
#....#.#######....
...##.#######....#.#........#
###.....#............#........#
.......# #####....###........#
###......# #...(@###...........#
.#.......# #.##.5..#.##........##
.##......# #.....#.#.##..).......
.........#.###.......##........##
.#..#....#...........#######.####
.#..#....#####.[.....#...........
##..#....#.......................
....#..#.##.##.......#...........
.................................


You could see Grinder and a friendly +2 spectral club (summoned).

Vanquished Creatures
  Sigmund (D:2)
  Jessica (D:3)
  Natasha (thrice) (D:2)
  Robin (D:2)
  8 adders
  3 worms
  16 ball pythons
  2 bats
  7 endoplasms
  6 giant cockroaches
  15 goblins
  12 hobgoblins
  2 jackals (D:3)
  4 quokkas
  12 frilled lizards
  17 rats
110 creatures vanquished.

Notes
Turn   | Place    | Note
-------+----------+-------------------------------------------
     0 | D:1      | avis the Barachi Hunter began the quest for the Orb.
     0 | D:1      | Reached XP level 1. HP: 17/17 MP: 1/1
   309 | D:1      | Reached XP level 2. HP: 24/24 MP: 2/2
   733 | D:1      | Reached XP level 3. HP: 29/29 MP: 3/3
  1283 | D:2      | Reached skill level 5 in Ranged Weapons
  1351 | D:2      | Noticed Natasha
  1359 | D:2      | Killed Natasha
  1360 | D:2      | Reached XP level 4. HP: 24/35 MP: 4/4
  1494 | D:2      | Noticed Robin
  1517 | D:2      | Killed Robin
  1589 | D:2      | Noticed Natasha
  1601 | D:2      | Killed Natasha
  1602 | D:2      | Reached XP level 5. HP: 34/41 MP: 5/5
  1722 | D:2      | Noticed Sigmund
  1740 | D:2      | Killed Sigmund
  1741 | D:2      | Reached skill level 5 in Dodging
  1741 | D:2      | Reached XP level 6. HP: 11/47 MP: 6/6
  1952 | D:2      | Noticed Natasha
  1961 | D:2      | Killed Natasha
  2157 | D:3      | Noticed Grinder
  2283 | D:3      | Found a stormy altar of Qazlal.
  2571 | D:3      | Found a glowing drain.
  2584 | Sewer    | Entered a sewer
  2797 | Sewer    | Reached skill level 1 in Stealth
  2870 | Sewer    | Reached XP level 7. HP: 52/52 MP: 7/7
  3001 | D:3      | Noticed Jessica
  3002 | D:3      | Killed Jessica
  3039 | D:3      | Paralysed by Grinder for 4 turns
  3182 | D:3      | Paralysed by Grinder for 5 turns
  3188 | D:3      | Killed from afar by Grinder

Illustrated notes

Levels and vault maps discovered:
D:1:      lightli_arrival_noodles, layout_basic, minmay_close_crescents
D:2:      layout_rooms, uniq_robin, uniq_sigmund, uniq_natasha
D:3:      layout_basic, lemuel_coloured_pillars_altar, grunt_qazlal_clouds,
          portal_sewer_entry_e, uniq_jessica, uniq_grinder

Skill      XL: |  1  2  3  4  5  6 |
---------------+-------------------+-----
Fighting       | 3 |  3.0
Ranged Weapons | 5 6 |  6.0
Dodging        | 5 6 |  6.0
Stealth        | 1 |  1.8

Action                     |  1- 3 |  4- 6 |  7- 9 || total
---------------------------+-------+-------+-------++-------
  Melee: Club              |       |       |     8 ||     8
   Fire: Shortbow          |    96 |   227 |     6 ||   329
Ability: Hop               |     1 |       |       ||     1
    Use: Potion            |       |     1 |       ||     1
 Armour: Leather armour    |     5 |    29 |     2 ||    36
  Dodge: Dodged            |    24 |    98 |     2 ||   124

Table legend: (Time is in decaauts)
 A = Elapsed time spent in this place.
 B = Non-inter-level travel time spent in this place.
 C = Inter-level travel time spent in this place.
 D = Time resting spent in this place.
 E = Time spent auto-exploring this place.
 F = Levels seen in this place.
 G = Mean time per level.
                   A        B        C        D        E       F      G
               +--------+--------+--------+--------+--------+-----+--------+
         Total |   3741 |   3375 |    366 |    620 |   1333 |   4 |  935.2 |
       Dungeon |   3291 |   2925 |    366 |    566 |   1324 |   3 | 1097.0 |
         Sewer |    450 |    450 |      0 |     54 |      9 |   1 |  450.0 |
               +--------+--------+--------+--------+--------+-----+--------+

Top non-repeatable levels by time:
     D:1: 1530 daAuts
     D:2: 1158 daAuts
     D:3: 602 daAuts
   Sewer: 450 daAuts
